 Dungeon Crawl Stone Soup version 0.25.1-8-g42b30a86e7 (webtiles) character file.

Game seed: 948493831308373078

67 Clowwww the Skirmisher (level 4, 35/35 HPs)
             Began as a Demonspawn Fighter on Dec 8, 2020.
             Quit the game on level 2 of the Dungeon.
             The game lasted 00:03:28 (1146 turns).

Clowwww the Skirmisher (Demonspawn Fighter)         Turns: 1146, Time: 00:03:28

Health: 35/35      AC: 10    Str: 18    XL:     4   Next: 0%
Magic:  4/4        EV:  7    Int:  9    God:
Gold:   80         SH:  9    Dex: 12    Spells: 3/3 levels left

rFire    . . .     SeeInvis .   a - +0 war axe
rCold    . . .     Gourm    .   c - +0 kite shield
rNeg     . . .     Faith    .   b - +0 scale mail
rPois    .         Spirit   .   (no helmet)
rElec    .         Reflect  .   (no cloak)
rCorr    .         Harm     .   g - +0 pair of gloves
MR       .....                  (no boots)
Stlth    ..........             (no amulet)
HPRegen  0.11/turn              (no ring)
MPRegen  0.09/turn              (no ring)

@: very slow
A: hooves 1, yellow scales 1, demonic guardian 1
a: no special abilities


You were on level 2 of the Dungeon.
You were not hungry.

You visited 1 branch of the dungeon, and saw 2 of its levels.

You collected 80 gold pieces.

Inventory:

Hand Weapons
 a - a +0 war axe (weapon)
Armour
 b - a +0 scale mail (worn)
 c - a +0 kite shield (worn)
 g - a +0 pair of gloves (worn)
Jewellery
 j - a +6 ring of intelligence {unknown}
Scrolls
 e - a scroll of enchant weapon {unknown}
 h - a scroll of remove curse {unknown}
 i - a scroll of magic mapping {unknown}
 l - 2 scrolls of identify {unknown}
 n - a scroll of immolation {unknown}
 o - 2 scrolls of enchant armour {unknown}
Potions
 d - a potion of might
 k - a potion of mutation {unknown}
 m - a potion of brilliance {unknown}
 q - 2 potions of cancellation {unknown}
Comestibles
 f - 2 rations
 p - 6 chunks of flesh


   Skills:
 + Level 3.3 Fighting
 + Level 2.3 Axes
 + Level 3.3 Armour
 + Level 0.1 Dodging
 + Level 3.2 Shields


You had 3 spell levels left.
You didn't know any spells.
Your spell library was empty.

Dungeon Overview and Level Annotations

Branches:
Dungeon (2/15)

Altars:


Innate Abilities, Weirdness & Mutations

You have large cloven feet.
You are partially covered in yellow scales. (AC +2)
A weak demonic guardian rushes to your aid.


Message History

A kobold comes into view. It is wielding a +0 dagger.
A kobold is nearby!
A kobold is nearby!
You enter the shallow water.
Moving in this stuff is going to be slow.
The kobold shouts!
You see here a rat corpse.
You see here a +0 dagger.
You hear a splashing noise.
The kobold hits the plant but does no damage.
The kobold splashes around in the water.
You enter the shallow water.
Moving in this stuff is going to be slow.
You slash the kobold!
You kill the kobold!
You hear a splash.
You have reached level 4!
You feel stronger.
Your demonic ancestry asserts itself...
Your feet thicken and deform.
Are you sure you want to abandon this character and quit the game? (Confirm with "yes".)

##.#♣≈≈≈P≈≈..
###..†P≈≈≈≈.≈..≈
#..÷)♣P≈≈PP≈...≈
#.##.♣≈≈≈≈≈♣...≈ #.
#.♣≈≈≈≈P≈...≈ ####
#.♣≈P≈≈≈P....
.....##.#≈P≈≈≈≈≈..≈
..........≈≈≈P≈....
....####.#♣@)≈≈P...
.. #..♣≈≈≈≈≈...
#..♣≈≈≈≈♣... ##
##.#P≈≈≈♣ .# #..
..PP≈≈♣ ##.# ####
...≈≈≈# #... ...
....≈.. #..####.#
#..###.#
#..(..#.###


There were no monsters in sight!

Vanquished Creatures
  An ooze (D:2)
  4 worms (D:2)
  A dart slug (D:1)
  A leopard gecko (D:1)
  6 bats
  4 goblins (D:1)
  5 hobgoblins
  3 jackals (D:1)
  10 kobolds
  2 quokkas (D:2)
  A ball python (D:1)
  3 frilled lizards (D:1)
  5 rats
46 creatures vanquished.

Notes
Turn   | Place    | Note
-------+----------+-------------------------------------------
     0 | D:1      | Clowwww the Demonspawn Fighter began the quest for the Orb.
     0 | D:1      | Reached XP level 1. HP: 18/18 MP: 1/1
    82 | D:1      | Gained mutation: You are partially covered in yellow
                  | scales. (AC +2) [demonic ancestry]
    82 | D:1      | Reached XP level 2. HP: 20/24 MP: 2/2
   449 | D:1      | Gained mutation: A weak demonic guardian rushes to your
                  | aid. [demonic ancestry]
   449 | D:1      | Reached XP level 3. HP: 29/29 MP: 3/3
  1145 | D:2      | Gained mutation: You have large cloven feet. [demonic
                  | ancestry]
  1145 | D:2      | Reached XP level 4. HP: 35/35 MP: 4/4
  1146 | D:2      | Quit the game

Illustrated notes

Levels and vault maps discovered:
D:1:      lightli_molten_gateway, layout_basic
D:2:      layout_basic, lemuel_coloured_pillars_altar,
          yredelemnul_altar_generic, serial_bayou_ford_a

Skill      XL: |  1  2  3 |
---------------+----------+-----
Axes           | 2 |  2.3
Shields        | 3 |  3.2
Armour         | 3 |  3.3
Fighting       | |  3.3
Dodging        | |  0.1

Action                   |  1- 3 |  4- 6 || total
-------------------------+-------+-------++-------
Melee: War axe           |   121 |       ||   121
  Eat: Chunk             |     1 |       ||     1
Armor: Scale mail        |    64 |       ||    64
Dodge: Dodged            |    47 |       ||    47
Block: Kite shield       |    75 |       ||    75
